 Dungeon Crawl Stone Soup version 0.23-a0-650-ga4d50d4 (webtiles) character file.

44 zishaf the Shield-Bearer (level 3, -5/34 HPs)
             Began as a Deep Dwarf Fighter on Jan 3, 2019.
             Killed from afar by a white imp (9 damage)
             ... with a puff of frost
             ... summoned by Natasha
             ... on level 2 of the Dungeon.
             The game lasted 00:02:08 (1096 turns).

zishaf the Shield-Bearer (Deep Dwarf Fighter)       Turns: 1096, Time: 00:02:09

Health: -5/34      AC:  6    Str: 20    XL:     3   Next: 41%
Magic:  3/3        EV:  7    Int:  8    God:
Gold:   57         SH:  9    Dex: 12    Spells: 2/2 levels left

rFire    . . .     SeeInvis .   a - +0 war axe
rCold    . . .     Gourm    .   c - +0 shield
rNeg     . . .     Faith    .   b - +0 scale mail
rPois    .         Spirit   .   (no helmet)
rElec    .         Reflect  .   (no cloak)
rCorr    +         Harm     .   (no gloves)
MR       .....                  (no boots)
Stlth    ..........             (no amulet)
HPRegen  0.00/turn              i - ring of resist corrosion
MPRegen  0.08/turn              (no ring)

@: non-regenerating
A: damage resistance, heal wounds, sense surroundings 1, no regeneration
a: Heal Wounds


You were on level 2 of the Dungeon.
You were not hungry.

You visited 1 branch of the dungeon, and saw 2 of its levels.

You collected 57 gold pieces.

Inventory:

Hand Weapons
 a - a +0 war axe (weapon)
Armour
 b - a +0 scale mail (worn)
 c - a +0 shield (worn)
Jewellery
 i - a ring of resist corrosion (left hand)
Scrolls
 e - a scroll of noise {unknown}
 j - a scroll of teleportation {unknown}
Potions
 d - a potion of might
 g - a potion of invisibility {unknown}
Comestibles
 f - a ration
 h - 3 chunks of flesh


   Skills:
 + Level 3.0 Fighting
 + Level 2.7 Axes
 + Level 3.6 Armour
 * Level 4.0 Shields


You had 2 spell levels left.
You didn't know any spells.
Your spell library was empty.

Dungeon Overview and Level Annotations

Branches:
Dungeon (2/15)

Altars:
Uskayaw

Annotations:
D:2 Natasha


Innate Abilities, Weirdness & Mutations

You are resistant to damage.
You can heal yourself by infusing magical energy.
You passively map a small area around you.
You do not regenerate.


Message History

You slash the goblin!
You kill the goblin!
Natasha casts a spell.
The white imp shouts, "Slither hence, thou rank toenail-biting urchin!"
You hear an angry hiss.
The white imp gestures at you. The puff of frost hits you!
* * * LOW HITPOINT WARNING * * *
Natasha claws you.
* * * LOW HITPOINT WARNING * * *
Items here: )) ††††† You hit Natasha.
Natasha is severely wounded.
You hit the white imp. You block the white imp's attack.
Natasha casts a spell at you. The magic dart hits you!
* * * LOW HITPOINT WARNING * * *
The white imp gestures at you. The puff of frost hits you!
You die...

* , . ,, # * .
#. * ## * ..
#. #.##.* *
...* , #.### ,
#55h# ,
*.......#@#
.....l.#.####
,
......w#[...#
,...l...####.#
, ....... #.#
, ..g....*
#.## ,,
....... #..###
, , ##...## ,
,, ###..#####


You could see Natasha and 2 white imps.

Vanquished Creatures
  2 oozes (D:1)
  2 dart slugs (D:1)
  2 leopard geckos (D:2)
  A giant cockroach (D:1)
  8 goblins
  2 hobgoblins (D:1)
  2 jackals (D:1)
  3 bats (D:1)
  3 frilled lizards
  3 rats
28 creatures vanquished.

Notes
Turn   | Place    | Note
-------+----------+-------------------------------------------
     0 | D:1      | zishaf the Deep Dwarf Fighter began the quest for the Orb.
     0 | D:1      | Reached XP level 1. HP: 20/20 MP: 1/1
   212 | D:1      | Reached XP level 2. HP: 22/27 MP: 2/2
   794 | D:1      | Reached XP level 3. HP: 26/33 MP: 3/3
   976 | D:2      | Found a hide-covered altar of Uskayaw.
   976 | D:2      | Noticed a +0 dagger
   976 | D:2      | Noticed a +0 hand axe
  1063 | D:2      | Noticed Natasha
  1073 | D:2      | Reached skill level 4 in Shields
  1096 | D:2      | Killed from afar by a white imp

Vault maps used:
D:1:      eino_arrival_water_star
D:2:      kennysheep_the_goblin_king, dancing_weapons_uskayaw,
          nicolae_overflow_hidden_temple, fedhas_altar_2, uniq_jessica,
          uniq_natasha

Skill      XL: |  1  2  3 |
---------------+----------+-----
Fighting       | 3 |  3.0
Shields        | 4 |  4.0
Axes           | |  2.7
Armour         | |  3.6

Action                   || total
-------------------------++-------
Melee: War axe           ||   103
  Eat: Chunk             ||     1
Armor: Scale mail        ||    38
Dodge: Dodged            ||    36
Block: Shield            ||    58

Table legend:
 A = Non-vault XP
 B = Vault XP
 C = Vault XP percentage of total XP
 D = Non-vault monster count
 E = Vault monster count
 F = Vault count percentage of total count
                 A         B        C        D         E       F
            +---------+---------+-------+---------+---------+-------
      Total |      64 |       0 |   0.0 |      28 |       0 |   0.0
            +---------+---------+-------+---------+---------+-------
        D:1 |      50 |       0 |   0.0 |      21 |       0 |   0.0
        D:2 |      14 |       0 |   0.0 |       7 |       0 |   0.0
            +---------+---------+-------+---------+---------+-------
